 Dungeon Crawl Stone Soup version 0.27.1-3-gb3d3a73c9e (webtiles) character file.

Game seed: 17327063681371273756

313 Atelerd the Digger (level 6, -23/36 HPs)
             Began as an Octopode Earth Elementalist on Oct 30, 2021.
             Annihilated by a shadow (35 damage)
             ... on level 3 of the Dungeon.
             The game lasted 00:04:27 (4447 turns).

Atelerd the Digger (Octopode Earth Elementalist)    Turns: 4447, Time: 00:04:27

Health: -23/36     AC:  1    Str:  7    XL:     6   Next: 43%
Magic:  10/11      EV: 13    Int: 19    God:
Gold:   62         SH:  0    Dex: 19    Spells: 11/12 levels left

rFire    . . .     SeeInvis .   j - +1 dagger (venom)
rCold    . . .     Faith    .   (no shield)
rNeg     . . .     Spirit   .   (helmet restricted)
rPois    .         Reflect  .   (no amulet)
rElec    .         Harm     .   l - +6 ring of dexterity
rCorr    .         Rampage  .   (no ring)
Will     .....                  (no ring)
Stlth    ++++......             (no ring)
HPRegen  0.12/turn              (no ring)
MPRegen  0.12/turn              (no ring)
                                (no ring)
                                (no ring)

@: no status effects
A: almost no armour, amphibious, 8 rings, camouflage 1, gelatinous body 1,
(nimble swimmer 1), tentacles
a: no special abilities


You were on level 3 of the Dungeon.
You visited 1 branch of the dungeon, and saw 5 of its levels.

You collected 202 gold pieces.
You spent 140 gold pieces at shops.

Inventory:

Hand Weapons
 c - a +0 dagger
 j - a +1 dagger of venom (weapon)
Missiles
 b - 21 stones
Jewellery
 l - a +6 ring of dexterity (left tentacle)
 r - a ring of wizardry
Scrolls
 a - a scroll of enchant armour {unknown}
 d - 2 scrolls of acquirement {unknown}
 e - a scroll of fog {unknown}
 f - a scroll of noise
 m - a scroll of silence {unknown}
 p - a scroll of magic mapping
 q - a scroll of teleportation {unknown}
Potions
 g - a potion of brilliance
 h - 3 potions of mutation
 i - a potion of ambrosia
 n - 2 potions of degeneration
 s - 2 potions of heal wounds {unknown}


   Skills:
 - Level 2.0 Dodging
 * Level 3.9 Stealth
 + Level 3.6 Spellcasting
 + Level 3.4 Transmutations
 + Level 4.5 Earth Magic


You had 11 spell levels left.
You knew the following spells:

 Your Spells              Type           Power      Damage    Failure   Level
a - Sandblast             Erth           40%        2d10      2%          1

Your spell library contained the following spells:

 Spells                   Type           Power      Damage    Failure   Level
 Passwall                 Tmut/Erth      15%        N/A       4%          2
 Stone Arrow              Conj/Erth      24%        3d8       17%         3
 Petrify                  Tmut/Erth      18%        N/A       26%         4


Dungeon Overview and Level Annotations

Branches:
Dungeon (5/15)
 Temple: D:4-7

Altars:
Gozag

Shops:
D:1 ?   D:4 *

Annotations:
D:3 exclusion: downstairs
D:4 3 runed translucent doors, AllIsDust's ghost, amateur MiBe


Innate Abilities, Weirdness & Mutations

You cannot wear most types of armour.
You are amphibious.
You can wear up to eight rings at the same time.
Your skin changes colour to match your surroundings (Stealth+).
Your rubbery body absorbs attacks. (AC +1, EV +1)
((You are camouflaged near water. (Stealth+)))
You have tentacles for arms and can constrict up to eight enemies at once.


Message History

You start resting.
Magic restored.
You start resting.
HP restored.
As you read the scroll of identify, it crumbles to dust.
g - a potion of brilliance
As you read the scroll of identify, it crumbles to dust.
h - 3 potions of mutation
As you read the scroll of identify, it crumbles to dust.
i - a potion of ambrosia
As you read the scroll of identify, it crumbles to dust.
n - 2 potions of degeneration You climb downwards.
Level annotation: 3 runed translucent doors, AllIsDust's ghost, amateur MiBe The shadow hits you! x2
There is a stone staircase leading up, spattered with blood here.
The shadow barely misses you.
You climb upwards.
Level annotation: exclusion: downstairs
There is a stone staircase leading down here.
Unknown command.
You are too injured to fight recklessly!
Casting: Sandblast (safe; 2% risk of failure)
Confirm with . or Enter, or press ? or * to list all spells.
Aiming: Sandblast (safe; 2% risk of failure)
Press: ? - help, Shift-Dir - straight line, f - shadow
Aim: a shadow (81% to hit)
The blast of sand hits the shadow!
The shadow is moderately damaged.
The shadow slips into darkness.
The shadow flickers and vanishes!
Deactivating autopickup; reactivate with Ctrl-A.
Casting: Sandblast (safe; 2% risk of failure)
Confirm with . or Enter, or press ? or * to list all spells.
You can't see any susceptible monsters within range! (Use Z to cast anyway.) Sorry, you're not good enough to have a special ability.
Unknown command.
The shadow strikes at you from the darkness!
Ouch! That really hurt!
You die...

#....).......+...
#.........####...
#########).....รท.)#......
#.......>................
#.#######.###.....#.###.#
#.#........##.....#.# #.#
#.#........##.....#.# #.#
#.#######{)######.#.###.#
###'###...@><..............
#.......#############.#.###
#####.......##..........#......
#...+.......##.##......).##....
#.###.......##.##........##....
#...........##.##........##....
####........##'##........##....
##.######.#...............###
#.........#......####.....###


There were no monsters in sight!

Vanquished Creatures
  A water moccasin skeleton (D:4)
  A howler monkey (D:5)
  A gnoll shaman (D:4)
  An iguana (D:4)
  4 gnolls
  5 adders
  A howler monkey skeleton (D:5)
  An ufetubus (D:5)
  A worm (D:3)
  A dart slug (D:1)
  3 orcs (D:3)
  2 ball pythons (D:1)
  An endoplasm (D:4)
  3 giant cockroaches (D:4)
  8 hobgoblins
  3 jackals (D:4)
  5 kobolds
  3 bats
  4 frilled lizards
  15 goblins
  5 rats
69 creatures vanquished.

Vanquished Creatures (others)
  7 fungi (D:5)
7 creatures vanquished.

Grand Total: 76 creatures vanquished

Notes
Turn   | Place    | Note
-------+----------+-------------------------------------------
     0 | D:1      | Atelerd the Octopode Earth Elementalist began the quest for
                  | the Orb.
     0 | D:1      | Reached XP level 1. HP: 11/11 MP: 3/3
   200 | D:1      | Found a faded altar of an unknown god.
   204 | D:1      | Reached XP level 2. HP: 17/17 MP: 5/5
   680 | D:1      | Found Sonuboef's Magic Scroll Shop.
   688 | D:1      | Bought a scroll of noise for 10 gold pieces
   741 | D:2      | Reached XP level 3. HP: 14/21 MP: 2/6
  1305 | D:2      | Reached XP level 4. HP: 15/24 MP: 8/8
  2150 | D:3      | Found an opulent altar of Gozag.
  2706 | D:3      | Reached skill level 4 in Earth Magic
  2785 | D:4      | Reached XP level 5. HP: 25/31 MP: 4/9
  3042 | D:1      | Bought a scroll of blinking for 75 gold pieces
  3042 | D:1      | Bought a scroll of identify for 20 gold pieces
  3042 | D:1      | Bought a scroll of magic mapping for 35 gold pieces
  3415 | D:4      | Found a runed translucent gate.
  3415 | D:4      | Found a runed translucent gate.
  3415 | D:4      | Found a runed translucent gate.
  3416 | D:4      | Found an opulent altar of Gozag.
  3417 | D:4      | Noticed a wyvern
  3417 | D:4      | Noticed an ogre
  3419 | D:4      | Noticed AllIsDust's ghost (amateur MiBe)
  3777 | D:4      | Reached XP level 6. HP: 25/36 MP: 8/11
  3945 | D:4      | Found Naroygg's Neck Hole.
  4122 | D:5      | Entered Level 5 of the Dungeon
  4187 | D:5      | Noticed a shadow
  4447 | D:3      | Annihilated by a shadow

Illustrated notes

Levels and vault maps discovered:
D:1:      psy_arrival_conway, layout_loops_ring, serial_shops,
          nicolae_diamond_shop, shapermc_ecumenical_altar_ellora
D:2:      cheibrodos_greedy_goblins, layout_rooms, minmay_crystal_water
D:3:      layout_basic, lemuel_crystal_altar, kennysheep_generic_room_15
D:4:      layout_gridville, ebering_ghost_gozag,
          nicolae_shop_sticking_my_neck_out
D:5:      old_forge, layout_basic, serial_shops, shop, uniq_ijyb

Skill      XL: |  1  2  3  4  5 |
---------------+----------------+-----
Transmutations | 2 3 |  3.4
Spellcasting   | 3 |  3.6
Earth Magic    | 4 |  4.5
Stealth        | 3 |  3.9
Dodging        | |  2.0

Action                   |  1- 3 |  4- 6 || total
-------------------------+-------+-------++-------
Melee: Dagger            |    23 |    43 ||    66
       Tentacles         |     4 |    12 ||    16
       Unarmed           |     1 |       ||     1
       Constrict         |     5 |    15 ||    20
 Cast: Sandblast         |    25 |    56 ||    81
  Use: Scroll            |       |     5 ||     5
 Stab: Sleeping          |     3 |     4 ||     7
Armor: Skin              |       |     3 ||     3
Dodge: Dodged            |    14 |    52 ||    66
